 Dungeon Crawl Stone Soup version 0.17.0-28-g6e173f8 (webtiles) character file.

59 dohliylev the Sneak (level 3, -3/27 HPs)
             Began as a Vampire Assassin on Nov 29, 2015.
             Killed from afar by Sigmund (7 damage)
             ... with a magic dart
             ... on level 3 of the Dungeon.
             The game lasted 00:05:18 (1825 turns).

dohliylev the Sneak (Vampire Assassin)              Turns: 1825, Time: 00:05:20

Health: -3/27      AC:  4    Str: 10    XL:     3   Next: 78%
Magic:  12/12      EV: 13    Int: 13    God:
Gold:   81         SH:  0    Dex: 16    Spells: 0 memorised, 2 levels left

rFire  . . .     SeeInvis +     a - +2 dagger
rCold  + . .     Clarity  .     c - +0 robe
rNeg   + + .     SustAt   .     (no shield)
rPois  +         Gourm    .     (no helmet)
rElec  .         Spirit   .     r - +1 cloak
rCorr  .         Warding  .     (no gloves)
rMut   .         Stasis   .     (no boots)
MR     .....                    q - amulet of rage
Stlth  ++++......               (no ring)
                                p - ring of magical power

@: regenerating slowly, not resistant to hostile enchantments, stealthy
A: fangs 3, see invisible, unbreathing
a: Bat Form, Evoke Berserk Rage


You were on level 3 of the Dungeon.
You were thirsty.

You visited 1 branch of the dungeon, and saw 3 of its levels.

You collected 81 gold pieces.

Inventory:

Hand Weapons
 a - a +2 dagger (weapon)
 b - a +0 blowgun
Missiles
 e - 8 poisoned needles
 f - 2 curare-tipped needles
Armour
 c - a +0 robe (worn)
 d - a +0 cloak
 r - a +1 cloak (worn)
 w - a cursed +0 pair of boots
Jewellery
 p - a ring of magical power (left hand)
 q - an amulet of rage (around neck)
Scrolls
 j - 2 scrolls of identify {unknown}
 k - a scroll of amnesia {unknown}
 n - 2 scrolls of remove curse {unknown}
 o - a scroll of enchant armour {unknown}
 t - a scroll of fear {unknown}
 u - a scroll of noise {unknown}
 v - a scroll of teleportation {unknown}
 x - a scroll of recharging {unknown}
 y - a scroll of random uselessness {unknown}
Potions
 g - a potion of blood
 h - 2 potions of degeneration {unknown}
 i - 2 potions of curing {unknown}
 l - 2 potions of ambrosia {unknown}
 m - 2 potions of mutation {unknown}
 s - a potion of haste {unknown}


   Skills:
 + Level 2.0 Fighting
 + Level 2.7 Short Blades
 + Level 1.7 Throwing
 + Level 2.1 Dodging
 + Level 7.0 Stealth


You had 2 spell levels left.
You didn't know any spells.

Dungeon Overview and Level Annotations

Branches:
Dungeon (3/15)

Altars:
Cheibriados

Annotations:
D:3 M4edhros's ghost, weakling OpAr; Sigmund


Innate Abilities, Weirdness & Mutations

You heal slowly.
You have razor-sharp teeth.
You have supernaturally acute eyesight.
You can survive without breathing.


Message History

You barely miss Sigmund.
Sigmund is almost dead.
The kobold barely misses you.
You closely miss Sigmund.
Sigmund is almost dead.
Sigmund hits you with a scythe. The kobold barely misses you.
M4edhros's ghost turns its malevolent gaze towards you.
You hit Sigmund.
Sigmund is almost dead.
The kobold closely misses you.
You closely miss Sigmund.
Sigmund is almost dead.
Sigmund hits you with a scythe!
You barely miss Sigmund.
Sigmund is almost dead.
The kobold hits you with a short sword.
* * * LOW HITPOINT WARNING * * *
Sigmund points at you and mumbles some strange words.
The magic dart hits you!
You die...

#...# ##.......##.......#
##.#...........###.......#
#.#.#..###...## #.......#
#.#.##.# #..### ##.....##
#.#.##.. ..... ##...##
#.#.##.# ##.### #.##
#.#.##.##.....##
#.#.##.#.@.....#
##.#....#@K.....#
#..........._....
#.......#.......#
#.####..#.......# #.
#..##.....## #. #..#
##.### #. .... ... ##
###### .#.. .#


You could see Sigmund and a kobold.

Vanquished Creatures
  An ooze (D:2)
  A worm (D:2)
  4 giant geckos
  3 giant cockroaches
  4 hobgoblins
  4 jackals (D:1)
  3 kobolds
  A quokka (D:2)
  11 bats
  5 giant newts
  6 goblins
  5 rats
48 creatures vanquished.

Notes
Turn   | Place    | Note
--------------------------------------------------------------
     0 | D:1      | dohliylev the Vampire Assassin began the quest for the Orb.
     0 | D:1      | Reached XP level 1. HP: 16/16 MP: 1/1
   164 | D:1      | Reached skill level 6 in Stealth
   180 | D:1      | Reached XP level 2. HP: 22/22 MP: 2/2
  1191 | D:2      | Reached XP level 3. HP: 27/27 MP: 3/3
  1334 | D:2      | Reached skill level 7 in Stealth
  1792 | D:3      | Noticed M4edhros's ghost (weakling OpAr)
  1805 | D:3      | Found a snail-covered altar of Cheibriados.
  1806 | D:3      | Noticed Sigmund
  1825 | D:3      | Killed from afar by Sigmund

Action                   || total
-------------------------++-------
Melee: Dagger            ||   125
 Stab: Sleeping          ||    19
       Distracted        ||     1
  Eat: Corpse            ||     1
